 Dungeon Crawl Stone Soup version 0.21.1-1-g345015f (webtiles) character file.

6129 Fang the Cleaver (level 10, 0/105 HPs)
             Began as a Gargoyle Berserker on June 14, 2018.
             Was a High Priest of Trog.
             Slain by a death yak (13 damage)
             ... on level 8 of the Dungeon.
             The game lasted 00:13:27 (8624 turns).

Fang the Cleaver (Gargoyle Berserker)               Turns: 8624, Time: 00:13:28

Health: 0/105      AC: 11    Str: 28    XL:     10   Next: 89%
Magic:  10/10      EV: 14    Int:  7    God:    Trog [*****.]
Gold:   520        SH:  0    Dex: 11    Spells: 9/9 levels left

rFire    . . .     SeeInvis .   a - +1 hand axe
rCold    . . .     Gourm    .   (no shield)
rNeg     + + .     Faith    .   p - +1 leather armour {rN+}
rPois    ∞         Spirit   .   (no helmet)
rElec    +         Reflect  .   (no cloak)
rCorr    +         Harm     .   (no gloves)
MR       +....     Clarity  +   (no boots)
Stlth    ..........             (no amulet)
HPRegen  0.27/turn              f - ring of resist corrosion
MPRegen  0.12/turn              q - -2 ring of intelligence (curse)

@: berserking, very quick
A: thin skeletal structure 1, clarity, magic resistance 1, negative energy
resistance 1, robust 1, electricity resistance, unbreathing, petrification
resistance, rot immunity, AC +7
a: Berserk, Trog's Hand, Brothers in Arms, Burn Spellbooks, Renounce Religion


You were on level 8 of the Dungeon.
You worshipped Trog.
Trog was extremely pleased with you.
You were hungry.

You visited 1 branch of the dungeon, and saw 8 of its levels.

You collected 520 gold pieces.

Inventory:

Hand Weapons
 a - a +1 hand axe (weapon)
Armour
 p - a +1 leather armour of positive energy (worn)
Jewellery
 f - a ring of resist corrosion (left hand)
 q - a cursed -2 ring of intelligence (right hand)
 v - an uncursed ring of protection from fire {unknown}
Wands
 l - a wand of flame (34)
 m - a wand of paralysis (15)
 o - a wand of random effects (17)
Scrolls
 b - a scroll of fear
 d - a scroll of fog
 h - a scroll of holy word {unknown}
 i - a scroll of enchant armour
 j - 3 scrolls of remove curse
 k - 5 scrolls of teleportation
 n - 2 scrolls of identify
 t - a scroll of magic mapping {unknown}
Potions
 e - 2 potions of might
 g - 3 potions of curing
 r - a potion of ambrosia {unknown}
 s - 3 potions of agility
 u - a potion of lignification
Books
 w - a book of Misfortune

   Spells                             Type                      Level
   a - Confusing Touch                Hexes                        1
   b - Confuse                        Hexes                        3
   c - Gell's Gravitas                Translocation                3
   d - Petrify                        Transmutation/Earth          4
   e - Metabolic Englaciation         Hexes/Ice                    5
   f - Yara's Violent Unravelling     Hexes/Transmutation          5
   Trog disapproves of the use of such an item.
Comestibles
 c - 9 rations


   Skills:
 + Level 8.3 Fighting
 + Level 10.4 Axes
 + Level 5.3 Armour
 + Level 6.1 Dodging
 + Level 5.0 Stealth


You had 9 spell levels left.
You didn't know any spells.

Dungeon Overview and Level Annotations

Branches:
Dungeon (8/15)             Temple (0/1) D:4            Lair (0/6) D:8

Altars:
Cheibriados
Makhleb
Nemelex Xobeh
Qazlal
Zin

Shops:
D:6 *


Innate Abilities, Weirdness & Mutations

You are resistant to torment.
Your stone body is resilient. (AC +7)
You are immune to poison.
You resist negative energy. (rN+)
You are resistant to electric shocks. (rElec)
You can survive without breathing.
You are immune to petrification.
You are immune to rotting.
You have a somewhat thin skeletal structure. (Dex +2, Stealth)
You possess an exceptional clarity of mind.
You are resistant to hostile enchantments. (MR+)
You are robust. (+10% HP)


Message History

The yak gores you!
* * * LOW HITPOINT WARNING * * *
The yak closely misses you.
You barely miss the death yak.
The death yak is moderately wounded.
You hit the yak. You barely miss the yak. You slash the yak! You hit the yak.
The death yak closely misses you. The yak gores you but does no damage.
You barely miss the death yak.
The death yak is moderately wounded.
You slash the yak! x2
Your leather armour prevents you from hitting the yak.
You hit the yak. The yak gores you but does no damage.
The yak closely misses you. The yak gores you but does no damage.
You completely miss the death yak.
The death yak is moderately wounded.
You barely miss the yak. You hit the yak. You slash the yak!
You kill the yak!
Trog accepts your kill.
You slash the yak! The death yak gores you!
You die...

#....# . #....# ######....#
#.≈.## #....# ###.........#
..≈.. #....# #....>.#....#
#.≈.## #....# ...#####....#
.Y≈.. #....# # ..## #....#
##.≈.####....# ## .## #....#
YYY....#....#####. ## #....#
#YYY####......#... # #....#
+@YY...#......<..(
#....####YY'####........(.
##........≈........##....#
##.........≈........##..).#
###..........≈........###....
##...#.......≈≈≈.......#
#....
##...###......≈≈≈≈.....##
#...) #....#
#.....≈≈≈≈≈.....# #....
#...## #.....≈≈≈≈≈≈....#
##....


You could see a death yak and 10 yaks.

Vanquished Creatures
  The ghost of Fang the Cleaver, a novice GrBe of Trog (D:7)
  A wizard (D:7)
  Pikel (D:5)
  2 orc sorcerers (D:7)
  A komodo dragon (D:8)
  A hippogriff (D:8)
  The ghost of FrostySnowman the Sneak, an amateur HaAs (D:4)
  Sigmund (D:4)
  A yak (D:8)
  A hungry ghost (D:7)
  Menkaure (D:4)
  The ghost of Fang the Skirmisher, an amateur GrBe of Trog (D:3)
  A water moccasin (D:6)
  An orc warrior (D:6)
  Duvessa (D:4)
  An ice beast (D:6)
  2 sky beasts
  4 slaves (D:5)
  3 phantoms
  2 ogres
  2 centaurs
  2 bullfrogs (D:7)
  Dowan (D:5)
  4 scorpions
  5 wights (D:8)
  2 crimson imps
  A bullfrog skeleton (D:7)
  A bullfrog zombie (D:8)
  3 jellies
  3 orc priests
  2 centaur skeletons
  4 iguanas
  Ijyb (D:3)
  7 orc wizards (D:7)
  A hound skeleton (D:8)
  3 gnolls (D:2)
  8 adders
  A shadow imp (D:6)
  2 adder skeletons
  An adder zombie (D:1)
  2 worms
  2 dart slugs
  3 leopard geckos
  35 orcs
  12 bats
  3 giant cockroaches
  9 goblins
  7 hobgoblins
  4 quokkas
  2 ball pythons (D:1)
  5 frilled lizards
  A giant cockroach zombie (D:1)
  9 kobolds
  12 rats
188 creatures vanquished.

Vanquished Creatures (others)
  An ogre (D:8)
  A plant (D:8)
2 creatures vanquished.

Grand Total: 190 creatures vanquished

Notes
Turn   | Place    | Note
-------+----------+-------------------------------------------
     0 | D:1      | Fang the Gargoyle Berserker began the quest for the Orb.
     0 | D:1      | Reached XP level 1. HP: 14/14 MP: 1/1
    64 | D:1      | Reached skill level 3 in Axes
    64 | D:1      | Reached XP level 2. HP: 10/19 MP: 2/2
   637 | D:1      | Reached XP level 3. HP: 24/24 MP: 3/3
   773 | D:1      | Reached ** piety under Trog
   964 | D:2      | Reached XP level 4. HP: 29/29 MP: 4/4
  1196 | D:2      | Found a burning altar of Makhleb.
  1259 | D:2      | Reached skill level 4 in Axes
  1817 | D:2      | Reached XP level 5. HP: 27/33 MP: 5/5
  2253 | D:3      | Noticed Fang's ghost (amateur GrBe)
  2265 | D:3      | Killed Fang's ghost
  2265 | D:3      | Reached skill level 1 in Stealth
  2265 | D:3      | Reached XP level 6. HP: 39/39 MP: 6/6
  2600 | D:3      | Reached *** piety under Trog
  2648 | D:3      | Noticed Ijyb
  2661 | D:3      | Paralysed by Ijyb for 7 turns
  2672 | D:3      | Paralysed by Ijyb for 5 turns
  2682 | D:3      | Killed Ijyb
  2847 | D:4      | Reached skill level 5 in Axes
  2909 | D:4      | Noticed FrostySnowman's ghost (amateur HaAs)
  3059 | D:4      | Gained mutation: You have a somewhat thin skeletal structure. (Dex +2, Stealth) [potion of mutation]
  3059 | D:4      | Gained mutation: You are resistant to hostile enchantments. (MR+) [potion of mutation]
  3059 | D:4      | Gained mutation: You are robust. (+10% HP) [potion of mutation]
  3059 | D:4      | Gained mutation: You possess an exceptional clarity of mind. [potion of mutation]
  3091 | D:4      | Killed FrostySnowman's ghost
  3091 | D:4      | Reached XP level 7. HP: 42/48 MP: 7/7
  3268 | D:4      | Noticed Sigmund
  3280 | D:4      | Killed Sigmund
  3352 | D:4      | Reached skill level 5 in Fighting
  3424 | D:4      | Found a staircase to the Ecumenical Temple.
  3539 | D:4      | Noticed Dowan
  3540 | D:4      | Noticed Duvessa
  3559 | D:4      | Killed Duvessa
  3559 | D:4      | Reached skill level 6 in Axes
  3559 | D:4      | Reached XP level 8. HP: 53/53 MP: 8/8
  3572 | D:5      | Entered Level 5 of the Dungeon
  3866 | D:4      | Noticed Menkaure
  3878 | D:4      | Killed Menkaure
  4247 | D:5      | Killed Dowan
  4595 | D:5      | Noticed Pikel
  4616 | D:5      | Killed Pikel
  4616 | D:5      | Reached skill level 7 in Axes
  4804 | D:5      | Reached XP level 9. HP: 31/60 MP: 9/9
  5546 | D:6      | Reached skill level 8 in Axes
  5691 | D:6      | Found a glowing silver altar of Zin.
  5829 | D:6      | Found Rirch's Serpentskin Sales.
  6237 | D:7      | Reached skill level 5 in Dodging
  6356 | D:7      | Paralysed by fainting for 8 turns
  6390 | D:7      | Found a sparkling altar of Nemelex Xobeh.
  6400 | D:7      | Noticed an orc sorcerer
  6414 | D:7      | Reached **** piety under Trog
  6914 | D:7      | Noticed Fang's ghost (novice GrBe)
  6942 | D:7      | Killed Fang's ghost
  6942 | D:7      | Reached skill level 9 in Axes
  6942 | D:7      | Reached XP level 10. HP: 69/69 MP: 10/10
  7081 | D:7      | Noticed an orc sorcerer
  7081 | D:7      | Noticed a wizard
  7090 | D:7      | Killed an orc sorcerer
  7090 | D:7      | Reached skill level 5 in Armour
  7094 | D:7      | Killed a wizard
  7095 | D:7      | Killed an orc sorcerer
  7095 | D:7      | Reached skill level 10 in Axes
  7568 | D:8      | Reached ***** piety under Trog
  7613 | D:8      | Found a snail-covered altar of Cheibriados.
  7706 | D:8      | Found a stormy altar of Qazlal.
  8126 | D:8      | Found a staircase to the Lair.
  8170 | D:8      | Reached skill level 5 in Stealth
  8614 | D:8      | Noticed a death yak
  8624 | D:8      | Slain by a death yak

Skill      XL: |  1  2  3  4  5  6  7  8  9 10 |
---------------+-------------------------------+-----
Axes           | 3 4 5 6 7 9 10 | 10.4
Fighting       | 4 5 6 7 8 |  8.3
Dodging        | 2 3 4 5 6 |  6.1
Stealth        | 1 2 3 4 5 |  5.0
Armour         | 3 4 5 |  5.3

Action                   |  1- 3 |  4- 6 |  7- 9 | 10-12 || total
-------------------------+-------+-------+-------+-------++-------
Melee: Hand axe          |    86 |   243 |   445 |   160 ||   934
Invok: Berserk           |     1 |     4 |    11 |     3 ||    19
  Use: Potion            |       |     5 |     2 |       ||     7
       Scroll            |       |       |     9 |       ||     9
 Stab: Sleeping          |       |     2 |     8 |     1 ||    11
       Distracted        |       |     1 |       |       ||     1
  Eat: Chunk             |       |     8 |    10 |     6 ||    24
       Ration            |       |     1 |     5 |     1 ||     7
Armor: Animal skin       |    55 |    83 |       |       ||   138
       Skin              |       |    30 |       |       ||    30
       Leather armour    |       |     6 |   139 |    50 ||   195
Dodge: Dodged            |    78 |   146 |   235 |    89 ||   548
